 Dungeon Sprint DCSS version 0.22.1-1-ga44c0e5 (webtiles) character file.

3492 aMcNicky the Cleaver (level 9, -3/91 HPs)
             Began as a Minotaur Fighter on Nov 10, 2018.
             Was the Champion of Dithmenos.
             Hit by a large rock thrown by Polyphemus (26 damage)
             ... in the Dungeon (Sprint VII: "The Pits").
             The game lasted 00:06:32 (1480 turns).

aMcNicky the Cleaver (Minotaur Fighter)             Turns: 1480, Time: 00:06:33

Health: -3/91      AC: 19    Str: 27    XL:     9   Next: 80%
Magic:  12/12      EV: 13    Int:  5    God:    Dithmenos [******]
Gold:   0          SH: 13    Dex: 10    Spells: 8/8 levels left

rFire    . . .     SeeInvis .   t - +2 war axe (freeze)
rCold    . . .     Gourm    .   c - +0 shield
rNeg     . . .     Faith    .   y - +2 plate armour
rPois    .         Spirit   .   (helmet restricted)
rElec    .         Reflect  .   (no cloak)
rCorr    .         Harm     .   (no gloves)
MR       .....     NoTele   +   u - +0 pair of boots
Stlth    ..........             (no amulet)
HPRegen  0.25/turn              E - +3 ring of evasion
MPRegen  0.13/turn              S - +3 ring of strength

@: wreathed by umbra
A: retaliatory headbutt, horns 2
a: Shadow Step, Shadow Form, Renounce Religion


You were in the Dungeon.
You worshipped Dithmenos.
Dithmenos was exalted by your worship.
You were not hungry.

You visited 1 branch

Inventory:

Hand Weapons
 a - a +0 war axe
 l - a +2 hand axe
 t - a +2 war axe of freezing (weapon)
Armour
 b - a +0 scale mail
 c - a +0 shield (worn)
 u - a +0 pair of boots (worn)
 v - a +4 chain mail
 w - a +5 ring mail
 y - a +2 plate armour (worn)
Magical Staves
 q - an uncursed staff of energy
Jewellery
 E - a +3 ring of evasion (left hand)
 S - a +3 ring of strength (right hand)
Scrolls
 k - a scroll of blinking
 n - 3 scrolls of remove curse {@r2}
 o - 5 scrolls of amnesia
Potions
 d - a potion of might
 e - 9 potions of curing {@q1}
 g - 10 potions of heal wounds {@q2}
 h - a potion of haste {@q3}
 i - 4 potions of magic
 j - 3 potions of berserk rage
 m - 2 potions of invisibility
 r - a potion of resistance
 s - a potion of agility
Comestibles
 f - 8 rations {@e1}


   Skills:
 * Level 12.3 Fighting
 * Level 12.9 Axes
 * Level 12.3 Armour
 + Level 6.8 Dodging
 + Level 5.2 Stealth
 * Level 12.2 Shields
 + Level 5.6 Invocations


You had 8 spell levels left.
You didn't know any spells.
Your spell library was empty.

Dungeon Overview and Level Annotations

Branches:
Dungeon (1/1)

Altars:
Ashenzari
Cheibriados
Dithmenos
Elyvilon
Fedhas
Gozag
Hepliaklqana
Kikubaaqudgha
Makhleb
Nemelex Xobeh
Okawaru
Qazlal
Ru
Sif Muna
Trog
Uskayaw
Vehumet
Wu Jian
Xom
Yredelemnul
Zin
The Shining One
Beogh
Jiyva
Lugonu

Annotations:
D Nergalle, Polyphemus


Innate Abilities, Weirdness & Mutations

You reflexively headbutt those who attack you in melee.
You have a pair of horns on your head.


Message History

* * * LOW HITPOINT WARNING * * *
Polyphemus hits you!!
* * * LOW HITPOINT WARNING * * *
You emit a cloud of dark smoke.
Your small abomination hits Polyphemus!!
The elephant tramples your small abomination!
The elephant barely misses your small abomination.
Polyphemus throws a large rock.
The large rock barely misses your small abomination.
The large rock hits you.
* * * LOW HITPOINT WARNING * * *
You see here a large rock.
You feel much better.
Your small abomination hits Polyphemus.
The elephant tramples your small abomination but does no damage.
The elephant closely misses your small abomination.
Your small abomination hits the elephant but does no damage.
Polyphemus throws a large rock.
The large rock barely misses your small abomination.
The large rock hits you!!
You die...

.........''..........
.........''..........
#######..##..#....#..
#..##..........
#..##..........
#..####''####++
#..####''###
#..##x§....#
############..##@#+##.#
..............##x# .#
..............##YCid# #
###''###########.#EZ+
###''###### #.o|[#
..........# #.# +#
#..#......# #..
..........+ ###
..........+


You could see Polyphemus, an elephant (berserk) and 2 friendly small
abominations.

Vanquished Creatures
  A death yak (D)
  An unseen horror (D)
  A manticore (D)
  A spiny frog (D)
  An ice devil (D)
  A red devil (D)
  A redback (D)
  2 hungry ghosts (D)
  A fire bat (D)
  A warg (D)
  A swamp drake (D)
  A floating eye (D)
  A black bear (D)
  An ice beast (D)
  A bullfrog (D)
  Jessica (D)
  A worker ant (D)
  A mummy (D)
  2 gnolls (D)
  A river rat (D)
  2 ufetubi (D)
  An ooze (D)
  3 leopard geckos (D)
  A hobgoblin (D)
  A ball python (D)
  A bat simulacrum (D)
  A rat (D)
32 creatures vanquished.

Vanquished Creatures (others)
  A fire bat (D)
1 creature vanquished.

Grand Total: 33 creatures vanquished

Notes
Turn   | Place    | Note
-------+----------+-------------------------------------------
     0 | D        | aMcNicky the Minotaur Fighter began the quest for the Orb.
     0 | D        | Reached XP level 1. HP: 19/19 MP: 0/0
    63 | D        | Found a glowing golden altar of the Shining One.
    63 | D        | Found a glowing silver altar of Zin.
    63 | D        | Found a basalt altar of Yredelemnul.
    63 | D        | Found a shimmering altar of Xom.
    63 | D        | Found an ornate altar of the Wu Jian Council.
    63 | D        | Found a bloodstained altar of Trog.
    63 | D        | Found a deep blue altar of Sif Muna.
    63 | D        | Found a sacrificial altar of Ru.
    63 | D        | Found a stormy altar of Qazlal.
    63 | D        | Found an iron altar of Okawaru.
    63 | D        | Found a sparkling altar of Nemelex Xobeh.
    63 | D        | Found a burning altar of Makhleb.
    63 | D        | Found a viscous altar of Jiyva.
    63 | D        | Found a hazy altar of Hepliaklqana.
    63 | D        | Found an opulent altar of Gozag.
    63 | D        | Found a blossoming altar of Fedhas.
    63 | D        | Found a white marble altar of Elyvilon.
    63 | D        | Found a shadowy altar of Dithmenos.
    63 | D        | Found a snail-covered altar of Cheibriados.
    64 | D        | Found a radiant altar of Vehumet.
    64 | D        | Found a corrupted altar of Lugonu.
    64 | D        | Found a roughly hewn altar of Beogh.
    65 | D        | Found a hide-covered altar of Uskayaw.
    65 | D        | Found an ancient bone altar of Kikubaaqudgha.
    65 | D        | Found a shattered altar of Ashenzari.
    70 | D        | Became a worshipper of Dithmenos the Shadowed
   129 | D        | Noticed Jessica
   129 | D        | Noticed an ice beast
   157 | D        | Reached * piety under Dithmenos
   157 | D        | Reached XP level 2. HP: 28/28 MP: 1/1
   160 | D        | Killed Jessica
   160 | D        | Reached skill level 5 in Fighting
   160 | D        | Reached skill level 5 in Axes
   160 | D        | Reached skill level 5 in Armour
   160 | D        | Reached skill level 5 in Shields
   160 | D        | Reached XP level 3. HP: 33/36 MP: 2/2
   173 | D        | Killed an ice beast
   173 | D        | Reached XP level 4. HP: 26/45 MP: 3/3
   200 | D        | Reached ** piety under Dithmenos
   200 | D        | Reached XP level 5. HP: 30/51 MP: 4/4
   324 | D        | Noticed a hungry ghost
   338 | D        | Killed a hungry ghost
   338 | D        | Reached XP level 6. HP: 51/61 MP: 5/5
   402 | D        | Reached skill level 1 in Stealth
   402 | D        | Reached skill level 1 in Invocations
   404 | D        | Noticed a death yak
   422 | D        | Killed a death yak
   422 | D        | Reached *** piety under Dithmenos
   422 | D        | Reached skill level 10 in Fighting
   422 | D        | Reached skill level 10 in Axes
   422 | D        | Reached skill level 10 in Armour
   422 | D        | Reached XP level 7. HP: 31/72 MP: 5/8
   642 | D        | Noticed a redback
   651 | D        | Killed a redback
   651 | D        | Reached skill level 10 in Shields
   651 | D        | Reached XP level 8. HP: 76/79 MP: 9/9
   871 | D        | Reached **** piety under Dithmenos
   882 | D        | Reached skill level 5 in Dodging
  1024 | D        | Reached ***** piety under Dithmenos
  1149 | D        | Noticed an ice devil
  1149 | D        | Noticed a manticore
  1159 | D        | Killed a manticore
  1159 | D        | Reached XP level 9. HP: 79/89 MP: 11/11
  1170 | D        | Killed an ice devil
  1216 | D        | Reached ****** piety under Dithmenos
  1218 | D        | Noticed a red devil
  1218 | D        | Noticed a spiny frog
  1227 | D        | Killed a spiny frog
  1227 | D        | Reached skill level 5 in Invocations
  1252 | D        | Killed a red devil
  1286 | D        | Killed an unseen horror
  1286 | D        | Reached skill level 5 in Stealth
  1475 | D        | Noticed a spriggan berserker
  1475 | D        | Noticed a red draconian
  1475 | D        | Noticed a spriggan berserker
  1475 | D        | Noticed Nergalle
  1475 | D        | Noticed Polyphemus
  1476 | D        | Noticed an elephant
  1479 | D        | HP: 1/91 [Polyphemus/large rock (4)]
  1480 | D        | Hit by a large rock thrown by Polyphemus

Skill      XL: |  1  2  3  4  5  6  7  8  9 |
---------------+----------------------------+-----
Axes           | 4 5 7 8 9 10 11 12 | 12.9
Fighting       | 4 5 6 7 10 11 12 | 12.3
Armour         | 4 5 6 7 10 11 12 | 12.3
Shields        | 4 5 6 7 9 10 11 12 | 12.2
Dodging        | 2 4 5 6 |  6.8
Stealth        | 3 4 5 |  5.2
Invocations    | 3 4 5 |  5.6

Action                   |  1- 3 |  4- 6 |  7- 9 || total
-------------------------+-------+-------+-------++-------
Melee: Hand axe          |    19 |    36 |    23 ||    78
       Headbutt          |     4 |    11 |    16 ||    31
       War axe           |     1 |       |    46 ||    47
  Use: Potion            |       |     1 |     2 ||     3
       Scroll            |       |       |     1 ||     1
 Stab: Confused          |       |       |     1 ||     1
  Eat: Ration            |       |     1 |       ||     1
       Chunk             |       |       |     3 ||     3
Armor: Scale mail        |     5 |     4 |     8 ||    17
       Chain mail        |       |       |     6 ||     6
       Plate armour      |       |       |    28 ||    28
Dodge: Dodged            |     4 |     7 |    28 ||    39
Block: Shield            |     9 |     9 |    53 ||    71
